 Dungeon Crawl Stone Soup version 0.25.1-8-g42b30a86e7 (webtiles) character file.

Game seed: 18289819108892108000

28762 growler the Zephyrmancer (level 13, -1/84 HPs)
             Began as a Tengu Air Elementalist on Dec 9, 2020.
             Was a High Priest of Vehumet.
             Slain by an elephant (15 damage)
             ... on level 3 of the Lair of Beasts.
             The game lasted 00:56:57 (20050 turns).

growler the Zephyrmancer (Tengu Air Elementalist)  Turns: 20050, Time: 00:56:58

Health: -1/84      AC: 11    Str: 14    XL:     13   Next: 40%
Magic:  8/23       EV: 15    Int: 27    God:    Vehumet [*****.]
Gold:   520        SH: 11    Dex: 14    Spells: 1/25 levels left

rFire    . . .     SeeInvis .   b - staff of air
rCold    . . .     Gourm    .   E - +0 kite shield
rNeg     . . .     Faith    .   x - +4 ring mail "Alaneucyq" {Regen+ Str+5 Slay+3}
rPois    +         Spirit   .   (helmet restricted)
rElec    +         Reflect  .   k - +1 cloak
rCorr    .         Harm     .   (no gloves)
MR       .....                  (boots unavailable)
Stlth    +.........             (no amulet)
HPRegen  0.64/turn              t - ring of poison resistance
MPRegen  0.18/turn              q - +6 ring of intelligence

@: about to teleport, flying quickly and evasively, quick
A: beak, talons 3, able to fly
a: Stop Flying, Renounce Religion


You were on level 3 of the Lair of Beasts.
You worshipped Vehumet.
Vehumet was extremely pleased with you.
You were not hungry.

You visited 3 branches of the dungeon, and saw 15 of its levels.

You collected 1248 gold pieces.
You spent 728 gold pieces at shops.

Inventory:

Hand Weapons
 a - the +8 autumn katana {vorpal, Clar}
   (You bought it in a shop on level 8 of the Dungeon)

   It inflicts extra damage upon your enemies.
   It protects you against confusion.
 d - a +3 demon blade of pain
   (You acquired it on level 11 of the Dungeon)
Missiles
 h - 58 poisoned darts (quivered)
 C - 2 throwing nets {!f}
Armour
 k - a +1 cloak (worn)
   (You took it off Crazy Yiuf on level 4 of the Dungeon)
 l - a +1 leather armour of magic resistance
   (You found it on level 3 of the Dungeon)
 x - the +4 ring mail "Alaneucyq" (worn) {Regen+ Str+5 Slay+3}
   (You found it on level 6 of the Dungeon)

   It affects your strength (+5).
   It affects your accuracy and damage with ranged weapons and melee attacks
   (+3).
   It increases your rate of regeneration.
 E - a +0 kite shield (worn)
   (You found it on level 8 of the Dungeon)
Magical Staves
 b - an uncursed staff of air (weapon)
   (You acquired it on level 11 of the Dungeon)
Jewellery
 q - a +6 ring of intelligence (right hand)
   (You found it on level 4 of the Dungeon)
 t - a ring of poison resistance (left hand)
   (You found it on level 4 of the Dungeon)
 z - an uncursed ring of see invisible
   (You found it on level 10 of the Dungeon)
 G - an uncursed ring of stealth
   (You found it on level 9 of the Dungeon)
 H - an uncursed amulet of faith {!P}
   (You found it on level 1 of the Lair of Beasts)
Wands
 s - a wand of clouds (5)
   (You found it on level 3 of the Lair of Beasts)
 u - a wand of paralysis (6)
   (You took it off Urug on level 2 of the Lair of Beasts)
 v - a wand of digging (6)
   (You took it off Ijyb on level 4 of the Dungeon)
 y - a wand of enslavement (9)
   (You found it on level 6 of the Dungeon)
Scrolls
 f - 2 scrolls of immolation {!r}
 g - 4 scrolls of amnesia
 j - 9 scrolls of remove curse {@r2}
 m - 2 scrolls of teleportation {@r4}
 n - 2 scrolls of enchant armour
 F - a scroll of brand weapon
 I - a scroll of fog
 J - a scroll of fear {unknown}
 L - a scroll of vulnerability {!r}
 M - a scroll of blinking
Potions
 c - a potion of brilliance
 i - 7 potions of curing {@q1}
 o - 2 potions of might
 p - a potion of magic
 w - 2 potions of haste {@q3}
 A - 4 potions of heal wounds {@q2}
 D - 2 potions of lignification {!q}
 K - 2 potions of stabbing
Comestibles
 e - 21 rations {!d}
 r - a chunk of flesh


   Skills:
 + Level 11.1 Fighting
 + Level 11.0 Long Blades
 - Level 6.0 Dodging
 - Level 2.0 Stealth
 + Level 10.2 Shields
 + Level 6.6 Spellcasting
 - Level 7.0 Conjurations
 - Level 12.0 Air Magic


You had one spell level left.
You knew the following spells:

 Your Spells              Type           Power        Failure   Level  Hunger
a - Shock                 Conj/Air       ####         1%          1    None
b - Airstrike             Air            #######...   1%          4    ###....
c - Lightning Bolt        Conj/Air       ######....   4%          5    #####..
d - Static Discharge      Conj/Air       ######..     1%          3    None
e - Freezing Cloud        Conj/Ice/Air   ######....   54%         6    ######.
f - Mephitic Cloud        Conj/Pois/Air  ######..     1%          3    None
s - Swiftness             Chrm/Air       ######..     3%          2    None

Your spell library contained the following spells:

 Spells                   Type           Power        Failure   Level  Hunger
 Magic Dart               Conj           ####         1%          1    None
 Conjure Flame            Conj/Fire      ####....     4%          3    None
 Blink                    Tloc           N/A          36%         2    None
 Call Imp                 Summ           #.......     36%         2    None
 Slow                     Hex            #.......     36%         2    None
 Confusing Touch          Hex            #.......     58%         3    None
 Gell's Gravitas          Tloc           #.........   58%         3    None
 Yara's Violent Unravell  Hex/Tmut       #.........   82%         5    #####..
 Petrify                  Tmut/Erth      #.......     94%         4    ###....
 Metabolic Englaciation   Hex/Ice        #.........   100%        5    #####..


Dungeon Overview and Level Annotations

Branches:
Dungeon (11/15)            Temple (1/1) D:5            Lair (3/6) D:11
 Shoals (0/4) Lair:3          Orc (0/2) D:11
  Snake: Lair:2-4    Spider: Lair:2-4

Altars:
Ashenzari
Cheibriados
Dithmenos
Elyvilon
Fedhas
Gozag
Hepliaklqana
Kikubaaqudgha
Makhleb
Nemelex Xobeh
Okawaru
Qazlal
Ru
Sif Muna
Trog
Uskayaw
Vehumet
Wu Jian
Xom
Yredelemnul
Zin
The Shining One

Shops:
D:5 !   D:8 (   D:10 [

Portals:
Trove: D:11 (give +7 demon blade)

Annotations:
D:4 2 runed translucent doors, KittyFluff's ghost, amateur DrBe


Innate Abilities, Weirdness & Mutations

You have a beak for a mouth.
You have claws for feet.
You can fly continuously.


Message History

The plant is struck by an arc of lightning!
The lightning grounds out.
The elephant is struck by an arc of lightning.
The lightning grounds out.
The elephant tramples you!
* * * LOW HITPOINT WARNING * * *
You hold your ground!
The elephant misses you. The elephant tramples you!
* * * LOW HITPOINT WARNING * * *
You hold your ground!
The elephant trunk-slaps you but does no damage.
The elephant tramples you but does no damage.
The elephant closely misses you. You block the elephant's attack.
The elephant closely misses you.
You feel a surge of power!
The elephant is struck by an arc of lightning!
You resist.
You are struck by an arc of lightning.
* * * LOW HITPOINT WARNING * * *
The lightning grounds out.
The elephant misses you. The elephant closely misses you.
The elephant misses you. The elephant closely misses you.
The basilisk gazes at you.
You easily resist.
The elephant tramples you.
* * * LOW HITPOINT WARNING * * *
You hold your ground!
You block the elephant's attack. The elephant tramples you!
* * * LOW HITPOINT WARNING * * *
You are shoved backwards!
You feel a surge of power!
The elephant is struck by an arc of lightning.
You kill the elephant!
Vehumet accepts your kill.
You feel your power returning.
The elephant is struck by an arc of lightning!
The elephant is struck by an arc of lightning.
The basilisk is struck by an arc of lightning.
The lightning grounds out.
The elephant is struck by an arc of lightning!
The lightning grounds out.
The elephant is struck by an arc of lightning!
You kill the elephant!
Vehumet accepts your kill.
You feel your power returning.
The elephant is struck by an arc of lightning.
You resist.
You are struck by an arc of lightning.
The elephant is struck by an arc of lightning.
The lightning grounds out.
The elephant tramples you.
* * * LOW HITPOINT WARNING * * *
You are shoved backwards!
As you read the scroll of teleportation {@r4}, it crumbles to dust.
You feel strangely unstable. The elephant tramples you!
You die...

.........##≈≈≈#≈#≈≈≈##.........
..........#≈≈≈###≈≈≈#.......#
.....#....#≈≈≈#.#≈≈≈#....^.P##
.....##...#####.####'..........
....###........................
....###...#...##......[........
.........#...###...P...........
.......÷.........##............
....#.#÷........@###...........
....#.#........YY.##...........
.....##...#..#P.l##P..........
....###..#...##.l.##........
......P..##..##.†.# .......
.................## ......
.................# .≈≈.#
.........##..#...#...≈≈≈
......#.....##......≈≈≈≈


You could see 2 elephants and 2 basilisks.

Vanquished Creatures
  3 hydras
  2 two-headed ogres
  Sonja (D:11)
  Urug (Lair:2)
  A deep elf mage (D:11)
  3 oklob plants (Lair:2)
  3 elephants (Lair:3)
  A black mamba (Lair:2)
  Joseph (D:9)
  2 spiny frogs
  A gargoyle (D:10)
  A rime drake (Lair:3)
  3 komodo dragons
  2 trolls
  A merfolk (D:10)
  4 hippogriffs
  5 wraiths
  Eustachio (D:4)
  A wyvern (D:8)
  31 yaks
  2 hungry ghosts
  3 basilisks
  Menkaure (D:7)
  Duvessa (D:4)
  8 porcupines
  10 water moccasins
  6 orc warriors
  2 sky beasts
  5 black bears
  3 phantoms (D:11)
  2 ice beasts
  2 eyes of draining
  A necrophage (D:6)
  5 ogres
  2 centaurs (D:10)
  9 crocodiles
  20 wolves
  7 bullfrogs
  2 big kobolds
  Dowan (D:4)
  3 scorpions
  2 troll zombies (D:11)
  6 wights
  11 killer bees
  5 howler monkeys
  An electric eel (Lair:1)
  3 crimson imps
  4 jellies
  A quasit (D:10)
  6 hounds
  2 centaur zombies
  Crazy Yiuf (D:4)
  3 bullfrog skeletons
  3 orc priests
  4 centaur skeletons
  Ijyb (D:4)
  3 iguanas
  12 orc wizards
  12 worker ants
  4 ogre zombies (D:11)
  A hound zombie (D:6)
  2 worker ant zombies (D:5)
  A howler monkey skeleton (D:4)
  A howler monkey zombie (D:6)
  3 gnolls
  14 adders
  A shadow imp (D:5)
  2 adder skeletons
  A worm (D:5)
  2 dart slugs
  4 leopard geckos
  48 orcs
  7 giant cockroaches
  6 goblins
  6 hobgoblins
  14 jackals
  16 kobolds
  7 quokkas
  A ball python (D:1)
  13 bats
  7 frilled lizards
  2 goblin skeletons (D:11)
  2 goblin zombies (D:11)
  2 hobgoblin zombies (D:11)
  An orc skeleton (D:11)
  12 orc zombies (D:11)
  A quokka skeleton (D:5)
  3 rats
  A plant (Lair:2)
428 creatures vanquished.

Vanquished Creatures (collateral kills)
  Josephine (D:10)
1 creature vanquished.

Vanquished Creatures (others)
  A quokka (D:10)
  A fungus (Lair:3)
  3 plants (Lair:2)
5 creatures vanquished.

Grand Total: 434 creatures vanquished

Notes
Turn   | Place    | Note
-------+----------+-------------------------------------------
     0 | D:1      | growler the Tengu Air Elementalist began the quest for the
                  | Orb.
     0 | D:1      | Reached XP level 1. HP: 10/10 MP: 4/4
   118 | D:1      | Reached XP level 2. HP: 8/15 MP: 3/6
   132 | D:1      | Learned a level 2 spell: Swiftness
   804 | D:1      | Reached XP level 3. HP: 19/19 MP: 7/7
   809 | D:1      | Learned a level 3 spell: Static Discharge
  1137 | D:1      | Reached skill level 5 in Air Magic
  1315 | D:1      | You fall into a shaft and drop 1 floor!
  1974 | D:2      | Found a hazy altar of Hepliaklqana.
  2133 | D:2      | Reached XP level 4. HP: 24/24 MP: 4/8
  2924 | D:3      | HP: 1/24 [something (6)]
  2930 | D:3      | Gained mutation: You can fly continuously. [Tengu growth]
  2930 | D:3      | Reached XP level 5. HP: 4/28 MP: 0/9
  3247 | D:3      | Reached skill level 6 in Air Magic
  4114 | D:4      | Found a large runed translucent door.
  4114 | D:4      | Found a large runed translucent door.
  4115 | D:4      | Noticed KittyFluff's ghost (amateur DrBe)
  4161 | D:4      | Noticed Duvessa
  4162 | D:4      | Noticed Dowan
  4384 | D:4      | Noticed Ijyb
  4389 | D:4      | Killed Ijyb
  4501 | D:4      | Found a runed translucent door.
  4502 | D:4      | Noticed Crazy Yiuf
  4536 | D:4      | Found a bloodstained altar of Trog.
  4536 | D:4      | Found a basalt altar of Yredelemnul.
  4537 | D:4      | Found a shadowy altar of Dithmenos.
  4537 | D:4      | Found a glowing golden altar of the Shining One.
  4547 | D:4      | Reached skill level 5 in Conjurations
  4767 | D:4      | Reached XP level 6. HP: 27/32 MP: 0/10
  4879 | D:4      | Killed Dowan
  4879 | D:4      | Reached skill level 7 in Air Magic
  5081 | D:4      | Killed Duvessa
  5373 | D:4      | Found a sparkling altar of Nemelex Xobeh.
  5475 | D:4      | Noticed Eustachio
  5490 | D:4      | Killed Eustachio
  5490 | D:4      | Reached skill level 8 in Air Magic
  5490 | D:4      | Reached XP level 7. HP: 36/36 MP: 6/11
  5587 | D:4      | Killed Crazy Yiuf
  5824 | D:5      | Entered Level 5 of the Dungeon
  5836 | D:4      | Learned a level 4 spell: Airstrike
  5988 | D:5      | Reached skill level 9 in Air Magic
  6478 | D:5      | Found a staircase to the Ecumenical Temple.
  6489 | Temple   | Entered the Ecumenical Temple
  6513 | Temple   | Became a worshipper of Vehumet
  6678 | D:5      | Reached XP level 8. HP: 41/41 MP: 3/12
  6718 | D:5      | Reached skill level 10 in Air Magic
  6822 | D:5      | Found Buekeipp's Distillery.
  6838 | D:5      | Found a snail-covered altar of Cheibriados.
  6971 | D:5      | Found an ornate altar of the Wu Jian Council.
  7231 | D:5      | Found an iron altar of Okawaru.
  7743 | D:6      | Reached * piety under Vehumet
  7743 | D:6      | Offered knowledge of Sandblast by Vehumet.
  8234 | D:6      | Reached skill level 11 in Air Magic
  8496 | D:6      | Got a blackened ring mail
  8508 | D:6      | You are sucked into a shaft and drop 1 floor!
  8821 | D:6      | Reached skill level 5 in Spellcasting
  8821 | D:6      | Reached XP level 9. HP: 45/45 MP: 8/17
  8828 | D:6      | Learned a level 5 spell: Lightning Bolt
  8833 | D:6      | Learned a level 3 spell: Mephitic Cloud
  8982 | D:6      | Reached skill level 12 in Air Magic
  9191 | D:6      | Reached skill level 1 in Fighting
  9390 | D:6      | Offered knowledge of Searing Ray by Vehumet.
  9574 | D:6      | Identified the +4 ring mail "Alaneucyq" {Regen+ Str+5
                  | Slay+3} (You found it on level 6 of the Dungeon)
  9660 | D:7      | Noticed Menkaure
  9665 | D:7      | Killed Menkaure
  9665 | D:7      | Reached ** piety under Vehumet
 10391 | D:7      | Reached skill level 5 in Dodging
 11375 | D:8      | Found Ezamuoles's Weapon Shop.
 11383 | D:8      | Bought the +8 autumn katana {vorpal, Clar} for 728 gold
                  | pieces
 11383 | D:8      | Found the +8 autumn katana {vorpal, Clar}
 11592 | D:8      | Reached skill level 1 in Shields
 11593 | D:8      | Reached skill level 1 in Long Blades
 11595 | D:8      | Reached XP level 10. HP: 47/58 MP: 10/18
 11661 | D:8      | Reached skill level 5 in Fighting
 12017 | D:9      | Noticed Joseph
 12023 | D:9      | Killed Joseph
 12184 | D:8      | Offered knowledge of Frozen Ramparts by Vehumet.
 12549 | D:9      | Reached *** piety under Vehumet
 12855 | D:9      | Found a shimmering blue altar of Sif Muna.
 12856 | D:9      | Found a shattered altar of Ashenzari.
 12858 | D:9      | Found a sacrificial altar of Ru.
 12861 | D:9      | Found a glowing silver altar of Zin.
 12993 | D:10     | Entered Level 10 of the Dungeon
 13031 | D:10     | Noticed Josephine
 13052 | D:10     | Noticed a gargoyle
 13069 | D:10     | Killed Josephine
 13069 | D:10     | Reached skill level 5 in Long Blades
 13069 | D:10     | Reached skill level 5 in Shields
 13177 | D:10     | Reached XP level 11. HP: 67/67 MP: 9/19
 13494 | D:10     | Found a glowing golden altar of the Shining One.
 13510 | D:10     | Offered knowledge of Stone Arrow by Vehumet.
 13728 | D:10     | Noticed a two-headed ogre
 13761 | D:10     | Killed a two-headed ogre
 14006 | D:10     | Found Tuklok's Armour Boutique.
 14739 | D:11     | Reached **** piety under Vehumet
 14824 | D:11     | Found a staircase to the Lair.
 14866 | D:11     | Offered knowledge of Irradiate by Vehumet.
 15187 | D:11     | Noticed a cyclops
 15325 | D:11     | Noticed a deep elf mage
 15330 | D:11     | Noticed a sixfirhy
 15340 | D:11     | Killed a deep elf mage
 15350 | D:11     | Found a staircase to the Orcish Mines.
 15459 | D:11     | Reached ***** piety under Vehumet
 15465 | D:11     | Noticed Sonja
 15473 | D:11     | Killed Sonja
 15535 | D:11     | Offered knowledge of Bolt of Magma by Vehumet.
 15569 | D:11     | Noticed a two-headed ogre
 15718 | D:11     | Killed a two-headed ogre
 15832 | D:11     | Found a portal to a secret trove of treasure.
 15872 | D:11     | Reached XP level 12. HP: 66/76 MP: 20/20
 16205 | D:11     | Identified 2 scrolls of acquirement
 16205 | D:11     | Acquired a +2 demon blade of pain
 16217 | D:11     | Acquired an uncursed staff of air
 16252 | Lair:1   | Entered Level 1 of the Lair of Beasts
 16627 | Lair:1   | Noticed a four-headed hydra
 16643 | Lair:1   | Killed a four-headed hydra
 17396 | Lair:2   | Reached skill level 10 in Fighting
 17517 | Lair:2   | Noticed a five-headed hydra
 17521 | Lair:2   | Killed a five-headed hydra
 17731 | Lair:2   | Offered knowledge of Freezing Cloud by Vehumet.
 17890 | Lair:2   | Noticed Urug
 17898 | Lair:2   | Killed Urug
 17898 | Lair:2   | Reached skill level 10 in Long Blades
 18025 | Lair:2   | Noticed a four-headed hydra
 18082 | Lair:2   | Killed a four-headed hydra
 18216 | Lair:2   | Found a radiant altar of Vehumet.
 18304 | Lair:2   | Reached XP level 13. HP: 78/83 MP: 22/22
 19419 | Lair:2   | Learned a level 6 spell: Freezing Cloud
 19695 | Lair:3   | Reached skill level 10 in Shields
 19872 | Lair:3   | Found a staircase to the Shoals.
 20050 | Lair:3   | Slain by an elephant

Illustrated notes

Levels and vault maps discovered:
D:1:      dpeg_arrival_round_a, layout_loops_ring
D:2:      layout_rooms, nicolae_overflow_crystal_walls
D:3:      layout_loops_corners, kennysheep_generic_room_7
D:4:      layout_basic, lemuel_round_altar, grunt_temple_overflow_open,
          ebering_ghost_disaster_area, uniq_eustachio, uniq_crazy_yiuf_cottage,
          uniq_ijyb, uniq_duvessa
D:5:      layout_basic, slow_altar_1, okawaru_altar_gauntlet_db,
          lemuel_doored_altar, minmay_temple_entry_waves, serial_shops,
          nicolae_shop_behind_doors, first_ration
D:6:      layout_loops_ring
D:7:      minmay_polygon_palace, layout_basic, uniq_menkaure
D:8:      layout_gridville, serial_shops, shop
D:9:      layout_basic, minitemple, uniq_joseph
D:10:     layout_small_grid, serial_shops, shop_statue,
          corexii_leaking_fountain, hangedman_fish_farm,
          ebering_dispersal_statue_hall, tso_metal_star, uniq_josephine
D:11:     layout_roguey, zombieorc1_lemuel, nicolae_trove_entry_diagonal,
          uniq_sonja
Temple:   jpeg_temple_island
Lair:1:   layout_regular_city, serial_bayou_shore_a, grunt_megastairs_4
Lair:2:   layout_cave_pods, basic_altar, minmay_lair_oklob_chamber, uniq_urug
Lair:3:   layout_gridlike, elwin_shoals_entry_rooms,
          nicolae_spider_entry_orb_guardian

Skill      XL: |  1  2  3  4  5  6  7  8  9 10 11 12 13 |
---------------+----------------------------------------+-----
Conjurations   | 2 3 4 5 7 |  7.0
Air Magic      | 5 6 8 9 11 12 | 12.0
Spellcasting   | 5 6 |  6.6
Fighting       | 4 7 9 10 11 | 11.1
Dodging        | 5 6 |  6.0
Shields        | 1 5 7 9 10 | 10.2
Long Blades    | 1 5 8 10 11 | 11.0
Stealth        | |  2.0

Action                   |  1- 3 |  4- 6 |  7- 9 | 10-12 | 13-15 || total
-------------------------+-------+-------+-------+-------+-------++-------
Melee: Dagger            |    55 |    76 |   117 |       |       ||   248
       Kick              |    14 |    10 |    29 |    69 |    27 ||   149
       Peck              |     6 |     9 |    13 |    41 |    12 ||    81
       Katana            |       |       |     2 |   284 |    74 ||   360
       Staff             |       |       |       |       |     1 ||     1
 Cast: Shock             |    49 |    64 |    64 |     6 |       ||   183
       Static Discharge  |       |    14 |    23 |    17 |     8 ||    62
       Airstrike         |       |       |    74 |   125 |    25 ||   224
       Lightning Bolt    |       |       |       |     3 |     1 ||     4
       Mephitic Cloud    |       |       |       |     2 |       ||     2
 Abil: Fly               |       |     1 |       |       |       ||     1
Evoke: Wand              |       |       |       |     2 |       ||     2
  Use: Potion            |     1 |     2 |       |       |       ||     3
       Scroll            |       |     6 |     5 |    12 |     2 ||    25
 Stab: Sleeping          |     4 |       |     1 |       |       ||     5
  Eat: Chunk             |     5 |     5 |    23 |    31 |     4 ||    68
       Ration            |       |     2 |     2 |     2 |     1 ||     7
Armor: Robe              |    13 |    13 |       |       |       ||    26
       Skin              |       |     4 |       |       |       ||     4
       Leather armour    |       |     2 |    35 |       |       ||    37
       Ring mail         |       |       |    11 |    74 |    31 ||   116
Dodge: Dodged            |    66 |   100 |   129 |   181 |    56 ||   532
Block: Kite shield       |       |       |       |    51 |    51 ||   102
       Rpst.: Katana     |       |       |     5 |    43 |    15 ||    63
